 Dungeon Crawl Stone Soup version 0.27.0-1-g7a089689b8 (webtiles) character file.

Game seed: 17558387925492675551

459 Smaepdii the Insei (level 6, -7/50 HPs)
             Began as a Draconian Transmuter on Aug 2, 2021.
             Was a Believer of Yredelemnul.
             Mangled by Duvessa (14 damage)
             ... on level 4 of the Dungeon.
             The game lasted 00:37:03 (5045 turns).

Smaepdii the Insei (Draconian Transmuter)           Turns: 5045, Time: 00:37:03

Health: -7/50      AC:  7    Str: 12    XL:     6   Next: 78%
Magic:  8/10       EV: 13    Int: 13    God:    Yredelemnul [**....]
Gold:   127        SH:  0    Dex: 14    Spells: 8/11 levels left

rFire    . . .     SeeInvis .     - Unarmed
rCold    . . .     Faith    .   (no shield)
rNeg     . . .     Spirit   .   (armour unavailable)
rPois    .         Reflect  .   (helmet restricted)
rElec    .         Harm     .   e - +0 cloak
rCorr    .         Rampage  .   (no gloves)
Will     .....                  (no boots)
Stlth    +.........             (no amulet)
HPRegen  0.16/turn              (no ring)
MPRegen  0.12/turn              (no ring)

@: about to teleport, wereblooded (expiring)
A: AC +6, unfitting armour, cold-blooded
a: Renounce Religion, Animate Remains, Recall Undead Slaves, Injury Mirror


You were on level 4 of the Dungeon.
You worshipped Yredelemnul.
Yredelemnul was pleased with you.
You visited 1 branch of the dungeon, and saw 4 of its levels.

You collected 127 gold pieces.

Inventory:

Armour
 e - a +0 cloak (worn)
Magical Staves
 i - a staff of poison
Jewellery
 j - a ring of ice
 l - a +6 ring of dexterity
Wands
 a - a wand of digging (1)
 k - a wand of flame (11)
Potions
 c - 2 potions of cancellation {unknown}
 d - 3 potions of curing {unknown}
 f - a potion of attraction {unknown}
 g - a potion of haste {unknown}
 h - a potion of heal wounds {unknown}


   Skills:
 + Level 2.8 Fighting
 + Level 2.9 Dodging
 * Level 4.7 Unarmed Combat
 + Level 3.0 Spellcasting
 + Level 3.1 Transmutations
 * Level 3.3 Invocations


You had 8 spell levels left.
You knew the following spells:

 Your Spells              Type           Power      Damage    Failure   Level
a - Beastly Appendage     Tmut           20%        N/A       6%          1
b - Wereblood             Tmut           10%        N/A       10%         2

Your spell library contained the following spells:

 Spells                   Type           Power      Damage    Failure   Level
 Slow                     Hex            1%         N/A       34%         2
 Spider Form              Tmut/Pois      3%         N/A       36%         3
 Call Canine Familiar     Summ           1%         N/A       56%         3
 Confusing Touch          Hex            1%         N/A       56%         3
 Portal Projectile        Hex/Tloc       2%         N/A       56%         3
 Vampiric Draining        Necr           0%         2d6       56%         3
 Ice Form                 Ice/Tmut       6%         N/A       77%         4
 Leda's Liquefaction      Hex/Erth       0%         N/A       92%         4


Dungeon Overview and Level Annotations

Branches:
Dungeon (4/15)
 Temple: D:4-7

Altars:
Yredelemnul

Shops:
D:2 *

Annotations:
D:4 Duvessa


Innate Abilities, Weirdness & Mutations

Your plain brown scales are hard. (AC +6)
You cannot fit into any form of body armour.
You are cold-blooded and may be slowed by cold attacks.


Message History

Your goblin zombie hits Dowan with a +0 dagger.
Dowan barely misses your hobgoblin zombie.
Your goblin zombie hits Dowan with a +0 club. x2
Your hobgoblin zombie barely misses Dowan.
Duvessa hits you with a +1 rapier of speed.
* * * LOW HITPOINT WARNING * * *
Your goblin zombie barely misses Dowan.
Dowan hits your hobgoblin zombie with a +0 dagger.
Duvessa hits you but does no damage.
Your goblin zombie hits Dowan with a +0 club.
Dowan dies!
Yredelemnul accepts your kill.
Duvessa weeps, then rights herself and shakes her weapon.
Duvessa goes berserk!
Your goblin zombie barely misses Duvessa.
Your Spellcasting skill increases to level 3!
Duvessa closely misses you.
Your goblin zombie hits Duvessa with a +0 club.
Your horns disappear.
Your talons disappear.
Duvessa hits you but does no damage.
Your hobgoblin zombie closely misses Duvessa.
Your goblin zombie hits Duvessa but does no damage.
Duvessa completely misses your goblin zombie.
Duvessa hits your goblin zombie with a +1 rapier of speed!
Your goblin zombie is destroyed!
Your goblin zombie closely misses Duvessa.
Your hobgoblin zombie hits Duvessa but does no damage.
Duvessa hits your hobgoblin zombie with a +1 rapier of speed!
Your hobgoblin zombie is destroyed!
Okay, then.
Okay, then.
As you read the scroll of teleportation, it crumbles to dust.
You feel strangely unstable.
Duvessa hits you with a +1 rapier of speed.
* * * LOW HITPOINT WARNING * * *
Duvessa barely misses you.
Your primal bloodlust is almost over.
Duvessa hits you with a +1 rapier of speed!
You die...
Your body rises from the dead as a mindless zombie.

######### *#...#...##
**.........## #####
*,..........#
##...##*,..........##
#.....##,...........#
....e..#*.......@.#.#
.......#*#...#..e##.#
.......# #|.*##..##.#
#.....####.#####Z.#.#
#...............ZZ..#
.......#.......)Z...#
.......#............#*
..............)...#..#*
.[.....#..........##..#


You could see Duvessa (berserk, ally target) and 4 friendly goblin zombies.

Vanquished Creatures
  Edmund (D:4)
  A bullfrog skeleton (D:4)
  Crazy Yiuf (D:2)
  Natasha (D:2)
  Robin (D:4)
  6 adders
  4 gnolls (D:3)
  A worm (D:3)
  An adder skeleton (D:4)
  3 dart slugs
  An orc (D:3)
  5 endoplasms
  A giant cockroach (D:1)
  13 goblins
  8 hobgoblins
  12 jackals
  9 kobolds
  5 quokkas
  6 ball pythons
  3 bats
  A frilled lizard (D:1)
  6 rats
90 creatures vanquished.

Vanquished Creatures (collateral kills)
  Dowan (D:4)
  Natasha (D:2)
  An adder (D:2)
  A giant cockroach (D:1)
  A goblin (D:4)
  2 ball pythons (D:3)
  2 bats
  A frilled lizard (D:2)
10 creatures vanquished.

Vanquished Creatures (others)
  Natasha (D:2)
  A bat zombie (D:1)
  2 adder zombies
  2 ball python zombies
  3 goblin zombies (D:4)
  2 hobgoblin zombies
  3 jackal zombies
  2 kobold zombies (D:3)
  A quokka zombie (D:3)
  A rat skeleton (D:1)
  A rat zombie (D:3)
  5 plants (D:2)
24 creatures vanquished.

Grand Total: 124 creatures vanquished

Notes
Turn   | Place    | Note
-------+----------+-------------------------------------------
     0 | D:1      | Smaepdii the Draconian Transmuter began the quest for the
                  | Orb.
     0 | D:1      | Reached XP level 1. HP: 16/16 MP: 3/3
   590 | D:1      | Reached XP level 2. HP: 23/23 MP: 3/5
   685 | D:1      | Learned a level 2 spell: Wereblood
   764 | D:1      | Reached XP level 3. HP: 28/28 MP: 3/6
   908 | D:1      | Found a faded altar of an unknown god.
   921 | D:1      | Became a worshipper of Yredelemnul the Dark
   921 | D:1      | Reached * piety under Yredelemnul
  1780 | D:2      | Noticed Natasha
  1788 | D:2      | Killed Natasha
  1790 | D:2      | Reached skill level 1 in Invocations
  1910 | D:2      | Reached XP level 4. HP: 36/36 MP: 2/7
  1925 | D:2      | Noticed Natasha
  1935 | D:2      | Killed Natasha
  2216 | D:2      | Found Qariut's Assorted Antiques.
  2263 | D:2      | Found a runed translucent door.
  2263 | D:2      | Noticed Natasha
  2264 | D:2      | Noticed Crazy Yiuf
  2272 | D:2      | Killed Natasha
  2276 | D:2      | Killed Crazy Yiuf
  2276 | D:2      | Reached ** piety under Yredelemnul
  2277 | D:2      | Reached skill level 4 in Unarmed Combat
  2277 | D:2      | Reached XP level 5. HP: 22/41 MP: 4/8
  4194 | D:4      | Noticed Edmund
  4275 | D:4      | Reached XP level 6. HP: 42/50 MP: 7/10
  4294 | D:4      | Killed Edmund
  4345 | D:4      | Noticed Dowan
  4385 | D:4      | Noticed Duvessa
  4718 | D:4      | Noticed Robin
  4739 | D:4      | Killed Robin
  5037 | D:4      | Killed Dowan
  5045 | D:4      | Mangled by Duvessa

Illustrated notes

Levels and vault maps discovered:
D:1:      dpeg_arrival_signposts, layout_basic, basic_ecumenical_altar,
          minivault_14, minmay_stone_trees_large, serial_park_tiny_1,
          grunt_decor_junction, hangedman_glass_teeth
D:2:      layout_rooms, serial_shops, nicolae_shop_overgrown_old_shop,
          uniq_crazy_yiuf_cottage, uniq_natasha
D:3:      layout_basic, kennysheep_boxes
D:4:      layout_rooms, uniq_duvessa, uniq_edmund, uniq_robin

Skill      XL: |  1  2  3  4  5  6 |
---------------+-------------------+-----
Dodging        | 2 |  2.9
Invocations    | 1 2 3 |  3.3
Fighting       | 2 |  2.8
Unarmed Combat | 4 |  4.7
Transmutations | 3 |  3.1
Spellcasting   | 3 |  3.0

Action                   |  1- 3 |  4- 6 || total
-------------------------+-------+-------++-------
Melee: Unarmed           |    86 |   170 ||   256
       Tailslap          |    11 |    16 ||    27
       Kick              |    18 |    33 ||    51
       Headbutt          |    11 |    31 ||    42
       Punch             |       |     3 ||     3
 Cast: Beastly Appendage |    24 |    25 ||    49
       Wereblood         |     3 |    11 ||    14
Invok: Animate Remains   |     9 |    27 ||    36
       Injury Mirror     |       |     1 ||     1
       Recall Undead Sla |       |     1 ||     1
  Use: Scroll            |       |     8 ||     8
Armor: Skin              |    22 |    65 ||    87
Dodge: Dodged            |    43 |    95 ||   138
